TOP OF THE 1ST |
Cincinnati Pride batting - Pitching for Erie Jaxx : LHP Francisco Rodríguez
|
Pitching: LHP Francisco Rodríguez
|
|
Batting: SHB Jaime Martínez
|
0-0: Called Strike 0-1: SINGLE (Groundball, 5S) (infield hit)
|
Batting: RHB Elliott Horn
|
0-0: Grounds into double play, 5-4-3 (Groundball, 56)
|
Batting: RHB Roger Rush
|
0-0: Swinging Strike 0-1: Swinging Strike 0-2: Strikes out swinging
|
Top of the 1st over - 0 run(s), 1 hit(s), 0 error(s), 0 left on base; Cincinnati 0 - Erie 0 |
BOTTOM OF THE 1ST |
Erie Jaxx batting - Pitching for Cincinnati Pride : LHP Kent Smith
|
Pitching: LHP Kent Smith
|
|
Batting: LHB Josh Pérez
|
0-0: Foul Ball, location: 2F 0-1: Ground out 4-3 (Groundball, 4S)
|
Batting: RHB Ángel Serrano
|
0-0: Called Strike 0-1: Ground out 6-3 (Groundball, 6)
|
Batting: SHB José Durango
|
0-0: Ball 1-0: SINGLE (Groundball, 6MD)
|
Batting: SHB Michael Field
|
0-0: Called Strike 0-1: Fly out, F8 (Flyball, 78D)
|
Bottom of the 1st over - 0 run(s), 1 hit(s), 0 error(s), 1 left on base; Cincinnati 0 - Erie 0 |
TOP OF THE 2ND |
Cincinnati Pride batting - Pitching for Erie Jaxx : LHP Francisco Rodríguez
|
Batting: RHB Jorge Flores
|
0-0: Fly out, F9 (Flyball, 9LMF)
|
Batting: RHB Keith Sheehan
|
0-0: Ball 1-0: Called Strike 1-1: Foul Ball, location: 2F 1-2: Strikes out swinging
|
Batting: SHB Jorge Maldonado
|
0-0: Swinging Strike 0-1: Fly out, F9 (Line Drive, 89M)
|
Top of the 2nd over - 0 run(s), 0 hit(s), 0 error(s), 0 left on base; Cincinnati 0 - Erie 0 |
BOTTOM OF THE 2ND |
Erie Jaxx batting - Pitching for Cincinnati Pride : LHP Kent Smith
|
Batting: RHB Andrés Silva
|
0-0: Ball 1-0: Foul Ball, location: 2F 1-1: Ball 2-1: Foul Ball, location: 2F 2-2: Strikes out looking
|
Batting: SHB Giel Molendijk
|
0-0: Ball 1-0: SINGLE (Line Drive, 6MD)
|
Batting: LHB Jim Knight
|
0-0: Ball 1-0: Ball Wild Pitch! Giel Molendijk to second 2-0: Called Strike 2-1: SINGLE (Line Drive, 6MD) Giel Molendijk to third
|
Batting: RHB Alfredo Ramírez
|
0-0: Ball 1-0: Called Strike 1-1: Foul Ball, location: 2F 1-2: Ball 2-2: Foul Ball, location: 2F 2-2: Ball 3-2: Base on Balls Jim Knight to second
|
Batting: RHB Guaspar Vasche
|
0-0: Ball 1-0: Ball 2-0: Called Strike 2-1: Ball 3-1: Base on Balls Giel Molendijk scores Jim Knight to third Alfredo Ramírez to second
|
Batting: LHB Josh Pérez
|
0-0: Called Strike 0-1: Ball 1-1: Foul Ball, location: 2F 1-2: Grounds into double play, 4-6-3 (Groundball, 34)
|
Bottom of the 2nd over - 1 run(s), 2 hit(s), 0 error(s), 2 left on base; Cincinnati 0 - Erie 1 |
TOP OF THE 3RD |
Cincinnati Pride batting - Pitching for Erie Jaxx : LHP Francisco Rodríguez
|
Batting: RHB Francisco Domínguez
|
0-0: Ball 1-0: Bunted foul 1-1: Fly out, F4 (Popup, 34)
|
Batting: RHB Gary Miller
|
0-0: Ball 1-0: Called Strike 1-1: Ball 2-1: Called Strike 2-2: Ball 3-2: Base on Balls
|
Batting: RHB Burkhard Bittinger
|
0-0: Foul Ball, location: 2F 0-1: Foul Ball, location: 2F 0-2: Ball 1-2: Ball 2-2: Ground out 6-3 (Groundball, 6) Gary Miller to second
|
Batting: SHB Jaime Martínez
|
0-0: Ball 1-0: Swinging Strike 1-1: Foul Ball, location: 2F 1-2: Foul Ball, location: 2F 1-2: Foul Ball, location: 2F 1-2: Ball 2-2: Strikes out swinging
|
Top of the 3rd over - 0 run(s), 0 hit(s), 0 error(s), 1 left on base; Cincinnati 0 - Erie 1 |
BOTTOM OF THE 3RD |
Erie Jaxx batting - Pitching for Cincinnati Pride : LHP Kent Smith
|
Batting: RHB Ángel Serrano
|
0-0: Ball 1-0: Ball 2-0: Foul Ball, location: 2F 2-1: Foul Ball, location: 2F 2-2: Strikes out swinging
|
Batting: SHB José Durango
|
0-0: Ball 1-0: SINGLE (Line Drive, 78M)
|
Batting: SHB Michael Field
|
0-0: Called Strike 0-1: Ball 1-1: Fly out, F8 (Flyball, 8RM)
|
Batting: RHB Andrés Silva
|
0-0: Called Strike 0-1: Ball 1-1: Called Strike 1-2: Strikes out looking
|
Bottom of the 3rd over - 0 run(s), 1 hit(s), 0 error(s), 1 left on base; Cincinnati 0 - Erie 1 |
TOP OF THE 4TH |
Cincinnati Pride batting - Pitching for Erie Jaxx : LHP Francisco Rodríguez
|
Batting: RHB Elliott Horn
|
0-0: Ball 1-0: Called Strike 1-1: Swinging Strike 1-2: Foul Ball, location: 2F 1-2: Strikes out swinging, 2-3 out at first.
|
Batting: RHB Roger Rush
|
0-0: Called Strike 0-1: Ball 1-1: Ball 2-1: Foul Ball, location: 2F 2-2: Foul Ball, location: 2F 2-2: Fly out, F8 (Flyball, 8LS)
|
Batting: RHB Jorge Flores
|
0-0: Ball 1-0: Foul Ball, location: 2F 1-1: Ground out 5-3 (Groundball, 56)
|
Top of the 4th over - 0 run(s), 0 hit(s), 0 error(s), 0 left on base; Cincinnati 0 - Erie 1 |
BOTTOM OF THE 4TH |
Erie Jaxx batting - Pitching for Cincinnati Pride : LHP Kent Smith
|
Batting: SHB Giel Molendijk
|
0-0: Called Strike 0-1: Fly out, F8 (Line Drive, 8LM)
|
Batting: LHB Jim Knight
|
0-0: Ball 1-0: Ball 2-0: SINGLE (Groundball, 15S) (infield hit)
|
Batting: RHB Alfredo Ramírez
|
0-0: Swinging Strike 0-1: Called Strike 0-2: Ball 1-2: Strikes out swinging
|
Batting: RHB Guaspar Vasche
|
0-0: Called Strike 0-1: Ball 1-1: Ground out 3-1 (Groundball, 34S)
|
Bottom of the 4th over - 0 run(s), 1 hit(s), 0 error(s), 1 left on base; Cincinnati 0 - Erie 1 |
TOP OF THE 5TH |
Cincinnati Pride batting - Pitching for Erie Jaxx : LHP Francisco Rodríguez
|
Batting: RHB Keith Sheehan
|
0-0: Ball 1-0: Ball 2-0: Called Strike 2-1: Ground out 6-3 (Groundball, 6)
|
Batting: SHB Jorge Maldonado
|
0-0: Foul Ball, location: 2F 0-1: Foul Ball, location: 2F 0-2: Foul Ball, location: 2F 0-2: Foul Ball, location: 2F 0-2: Strikes out swinging
|
Batting: RHB Francisco Domínguez
|
0-0: Ball 1-0: Called Strike 1-1: Ground out 4-3 (Groundball, 4)
|
Top of the 5th over - 0 run(s), 0 hit(s), 0 error(s), 0 left on base; Cincinnati 0 - Erie 1 |
BOTTOM OF THE 5TH |
Erie Jaxx batting - Pitching for Cincinnati Pride : LHP Kent Smith
|
Batting: LHB Josh Pérez
|
0-0: Called Strike 0-1: Swinging Strike 0-2: Foul Ball, location: 2F 0-2: Strikes out swinging
|
Batting: RHB Ángel Serrano
|
0-0: Ground out 4-3 (Groundball, 4M)
|
Batting: SHB José Durango
|
0-0: Ball 1-0: Ball 2-0: Swinging Strike 2-1: Foul Ball, location: 2F 2-2: SINGLE (Groundball, 34D)
|
Batting: SHB Michael Field
|
0-0: Ball 1-0: Ball 2-0: Called Strike 2-1: Ball 3-1: DOUBLE (Line Drive, 8RD) José Durango to third
|
Batting: RHB Andrés Silva
|
0-0: Ball 1-0: Ball 2-0: Foul Ball, location: 2F 2-1: Ball 3-1: Base on Balls
|
Batting: SHB Giel Molendijk
|
0-0: Ball 1-0: Ball 2-0: Ball 3-0: Base on Balls José Durango scores Michael Field to third Andrés Silva to second
|
Pitching: RHP Sam Mathis
|
|
Batting: LHB Jim Knight
|
0-0: Foul Ball, location: 2F 0-1: Fielders Choice at 2nd, 4-6 (Groundball, 4)
|
Bottom of the 5th over - 1 run(s), 2 hit(s), 0 error(s), 2 left on base; Cincinnati 0 - Erie 2 |
TOP OF THE 6TH |
Cincinnati Pride batting - Pitching for Erie Jaxx : LHP Francisco Rodríguez
|
Batting: RHB Gary Miller
|
0-0: Swinging Strike 0-1: Bunt missed! 0-2: Ball 1-2: Fly out, F8 (Flyball, 8LD)
|
Batting: RHB Burkhard Bittinger
|
0-0: Ball 1-0: SINGLE (Line Drive, 8LS)
|
Batting: SHB Jaime Martínez
|
0-0: Ball 1-0: Ball 2-0: Called Strike 2-1: Ball 3-1: Base on Balls Burkhard Bittinger to second
|
Batting: RHB Elliott Horn
|
0-0: Foul Ball, location: 2F 0-1: Ball 1-1: Fly out, F8 (Flyball, 78M)
|
Batting: RHB Roger Rush
|
0-0: Ball 1-0: Swinging Strike 1-1: Swinging Strike 1-2: Strikes out swinging
|
Top of the 6th over - 0 run(s), 1 hit(s), 0 error(s), 2 left on base; Cincinnati 0 - Erie 2 |
BOTTOM OF THE 6TH |
Erie Jaxx batting - Pitching for Cincinnati Pride : RHP Sam Mathis
|
Batting: RHB Alfredo Ramírez
|
0-0: Ball 1-0: Ground out 1-3 (Groundball, P)
|
Batting: RHB Guaspar Vasche
|
0-0: SINGLE (Groundball, 6MD)
|
Batting: LHB Josh Pérez
|
0-0: Ground out 4-3 (Groundball, 34) Guaspar Vasche to second
|
Batting: RHB Ángel Serrano
|
0-0: SINGLE (Groundball, 6MD) Guaspar Vasche to third Runner from 3rd tries for Home, SAFE, no throw
|
Batting: SHB José Durango
|
0-0: Ball 1-0: Ball 2-0: Ball 3-0: Base on Balls Ángel Serrano to second
|
Batting: SHB Michael Field
|
0-0: Swinging Strike 0-1: Ground out 3-1 (Groundball, 34)
|
Bottom of the 6th over - 1 run(s), 2 hit(s), 0 error(s), 2 left on base; Cincinnati 0 - Erie 3 |
TOP OF THE 7TH |
Cincinnati Pride batting - Pitching for Erie Jaxx : LHP Francisco Rodríguez
|
Batting: RHB Jorge Flores
|
0-0: Ball 1-0: Ball 2-0: SINGLE (Groundball, 3D)
|
Batting: RHB Keith Sheehan
|
0-0: Called Strike 0-1: Swinging Strike 0-2: Strikes out looking
|
Batting: SHB Jorge Maldonado
|
0-0: DOUBLE (Line Drive, 9LS) Jorge Flores to third
|
Pitching: RHP Jorge Barrón
|
|
Batting: RHB Francisco Domínguez
|
0-0: Ball 1-0: SINGLE (Groundball, 5L) (infield hit) Jorge Flores scores Jorge Maldonado to third
|
Pinch Hitting: LHB John Clark
|
0-0: Called Strike 0-1: Ball 1-1: Ball 2-1: Grounds into double play, 4-6-3 (Groundball, 4)
|
Top of the 7th over - 1 run(s), 3 hit(s), 0 error(s), 1 left on base; Cincinnati 1 - Erie 3 |
BOTTOM OF THE 7TH |
Erie Jaxx batting - Pitching for Cincinnati Pride : RHP Sam Mathis
|
Now in LF: John Clark
|
|
Batting: RHB Andrés Silva
|
0-0: Ball 1-0: Ball 2-0: Swinging Strike 2-1: Foul Ball, location: 2F 2-2: Strikes out looking
|
Batting: SHB Giel Molendijk
|
0-0: Ball 1-0: Foul Ball, location: 2F 1-1: Ground out 6-3 (Groundball, 56)
|
Batting: LHB Jim Knight
|
0-0: Called Strike 0-1: Fly out, F7 (Flyball, 78M)
|
Bottom of the 7th over - 0 run(s), 0 hit(s), 0 error(s), 0 left on base; Cincinnati 1 - Erie 3 |
TOP OF THE 8TH |
Cincinnati Pride batting - Pitching for Erie Jaxx : RHP Jorge Barrón
|
Batting: RHB Burkhard Bittinger
|
0-0: Called Strike 0-1: Foul Ball, location: 2F 0-2: Foul Ball, location: 2F 0-2: Ball 1-2: Ball 2-2: Strikes out looking
|
Batting: SHB Jaime Martínez
|
0-0: Ball 1-0: Called Strike 1-1: Ball 2-1: Foul Ball, location: 2F 2-2: Ball 3-2: Base on Balls
|
Pitching: LHP Todd Anderson
|
|
Batting: RHB Elliott Horn
|
0-0: Ball 1-0: Fly out, F7 (Flyball, 7D) Runner from 1st tags up, SAFE at 2nd
|
Batting: RHB Roger Rush
|
0-0: Ball 1-0: Ball 2-0: Ball 3-0: Base on Balls
|
Batting: RHB Jorge Flores
|
0-0: Called Strike 0-1: SINGLE (Line Drive, 56D) Jaime Martínez to third Roger Rush to second Runner from 3rd tries for Home, SAFE, no throw
|
Batting: RHB Keith Sheehan
|
0-0: Ball 1-0: Ball 2-0: Ball Wild Pitch! Roger Rush to third Jorge Flores to second 3-0: Called Strike 3-1: Ground out 3-1 (Groundball, 34)
|
Top of the 8th over - 1 run(s), 1 hit(s), 0 error(s), 2 left on base; Cincinnati 2 - Erie 3 |
BOTTOM OF THE 8TH |
Erie Jaxx batting - Pitching for Cincinnati Pride : RHP Sam Mathis
|
Batting: RHB Alfredo Ramírez
|
0-0: Ball 1-0: Foul Ball, location: 2F 1-1: Called Strike 1-2: Ball 2-2: SINGLE (Groundball, 34D)
|
Batting: RHB Guaspar Vasche
|
0-0: Ball 1-0: Ball 2-0: Bunt missed! 2-1: Sac Bunt - play at first, batter OUT! 1-4 Alfredo Ramírez to second
|
Batting: LHB Josh Pérez
|
0-0: Intentional Walk
|
Batting: RHB Ángel Serrano
|
0-0: Fly out, F8 (Flyball, 8RS)
|
Batting: SHB José Durango
|
0-0: Ball 1-0: Swinging Strike 1-1: Foul Ball, location: 2F 1-2: Ball 2-2: Foul Ball, location: 2F 2-2: Ball 3-2: Foul Ball, location: 2F 3-2: Foul Ball, location: 2F 3-2: Foul Ball, location: 2F 3-2: Fly out, F8 (Flyball, 8RM)
|
Bottom of the 8th over - 0 run(s), 1 hit(s), 0 error(s), 2 left on base; Cincinnati 2 - Erie 3 |
TOP OF THE 9TH |
Cincinnati Pride batting - Pitching for Erie Jaxx : LHP Todd Anderson
|
Pitching: RHP Carlos Olmedo
|
|
Now at C: José Hernández
|
|
Now at 1B: Edgardo Castro
|
|
Now in RF: William Wilson
|
|
Pinch Hitting: LHB Carl Hayden
|
0-0: Ball 1-0: SOLO HOME RUN (Flyball, 89XD), Distance : 408 ft
|
Pinch Hitting: LHB Jorge Hernández
|
0-0: Ball 1-0: Foul Ball, location: 2F 1-1: Foul Ball, location: 2F 1-2: Strikes out swinging
|
Batting: LHB John Clark
|
0-0: Foul Ball, location: 2F 0-1: Swinging Strike 0-2: Strikes out looking
|
Pinch Hitting: RHB José Antonio Delgado
|
0-0: Foul Ball, location: 2F 0-1: Swinging Strike 0-2: Ball 1-2: Foul Ball, location: 2F 1-2: Ball 2-2: Foul Ball, location: 2F 2-2: Foul Ball, location: 2F 2-2: Ball 3-2: Base on Balls
|
Pinch Hitting: RHB Roberto Quiñones
|
0-0: Called Strike 0-1: SINGLE (Flyball, 89S) José Antonio Delgado to second Runner from 2nd tries for 3rd, SAFE, throw made to third
|
Batting: RHB Elliott Horn
|
0-0: Called Strike 0-1: Ball 1-1: Ball 2-1: Foul Ball, location: 2F 2-2: Foul Ball, location: 2F 2-2: Strikes out swinging
|
Top of the 9th over - 1 run(s), 2 hit(s), 0 error(s), 2 left on base; Cincinnati 3 - Erie 3 |
|